TOP OF THE 1ST |
University of Southern California Trojans batting - Pitching for Louisiana State University Tigers : RHP Dale Turner
|
Pitching: RHP Dale Turner
|
|
Batting: RHB Joaquin Salazar
|
0-0: Called Strike 0-1: Ball 1-1: Called Strike 1-2: Foul Ball, location: 2F 1-2: SINGLE (Flyball, 78S, EV 100.0 MPH)
|
Batting: RHB Arturo Galdamez
|
0-0: Grounds into double play, 5-4-3 (Groundball, 56, EV 86.3 MPH)
|
Batting: RHB Carlos Livas
|
0-0: Swinging Strike 0-1: Ball 1-1: Ground out 5-3 (Groundball, 56, EV 81.9 MPH)
|
Top of the 1st over - 0 runs, 1 hit, 0 errors, 0 left on base; University of Southern California 0 - Louisiana State University 0 |
BOTTOM OF THE 1ST |
Louisiana State University Tigers batting - Pitching for University of Southern California Trojans : LHP Will Creelman
|
Pitching: LHP Will Creelman
|
|
Batting: SHB Jose Melendez
|
0-0: Ball 1-0: Ground out 6-3 (Groundball, 6M, EV 80.0 MPH)
|
Batting: RHB Fate Makeever
|
0-0: Reached on error, E1 (Groundball, 13S, EV 66.9 MPH)
|
Batting: LHB Lourens Aukema
|
0-0: SINGLE (Groundball, 4M, EV 106.3 MPH) (infield hit) Fate Makeever to third
|
Batting: LHB Bob Govella
|
0-0: Foul Ball, location: 2F 0-1: Ball 1-1: Fielders Choice at 2nd, 1-6 (Groundball, 13S, EV 66.3 MPH)
|
Batting: RHB Chris Trites
|
0-0: Called Strike 0-1: Foul Ball, location: 2F 0-2: Ball Bob Govella is caught stealing 2nd base 2-4
|
Bottom of the 1st over - 0 runs, 1 hit, 1 error, 1 left on base; University of Southern California 0 - Louisiana State University 0 |
TOP OF THE 2ND |
University of Southern California Trojans batting - Pitching for Louisiana State University Tigers : RHP Dale Turner
|
Batting: LHB Miguel Espinoza
|
0-0: Foul Ball, location: 2F 0-1: Ball 1-1: Ground out 5-3 (Groundball, 56, EV 83.8 MPH)
|
Batting: RHB Jon Solis
|
0-0: Ball 1-0: Foul Ball, location: 2F 1-1: Foul Ball, location: 2F 1-2: Foul Ball, location: 2F 1-2: Ball 2-2: Strikes out swinging
|
Batting: SHB Rodrigo Mendoza
|
0-0: Fly out, F7 (Flyball, 78D, EV 102.5 MPH)
|
Top of the 2nd over - 0 runs, 0 hits, 0 errors, 0 left on base; University of Southern California 0 - Louisiana State University 0 |
BOTTOM OF THE 2ND |
Louisiana State University Tigers batting - Pitching for University of Southern California Trojans : LHP Will Creelman
|
Batting: RHB Chris Trites
|
0-0: Ball 1-0: Foul Ball, location: 2F 1-1: Fly out, F8 (Flyball, 8LD, EV 95.6 MPH)
|
Batting: SHB Fernando Solano
|
0-0: Ball 1-0: Ball 2-0: Foul Ball, location: 2F 2-1: Foul Ball, location: 2F 2-2: Foul Ball, location: 2F 2-2: Ball 3-2: Base on Balls
|
Batting: SHB Emmet Brickowski
|
0-0: Fly out, F8 (Flyball, 8LM, EV 94.4 MPH)
|
Batting: RHB Andy Jamison
|
0-0: Ball 1-0: Foul Ball, location: 2F 1-1: Fielders Choice at 2nd, 5-4 (Groundball, 56, EV 77.5 MPH)
|
Bottom of the 2nd over - 0 runs, 0 hits, 0 errors, 1 left on base; University of Southern California 0 - Louisiana State University 0 |
TOP OF THE 3RD |
University of Southern California Trojans batting - Pitching for Louisiana State University Tigers : RHP Dale Turner
|
Batting: LHB Ivan Castillo
|
0-0: Called Strike 0-1: Foul Ball, location: 2F 0-2: Ball 1-2: Strikes out swinging
|
Batting: RHB Paul Ngumi
|
0-0: Ball 1-0: Called Strike 1-1: Ball 2-1: Ball 3-1: Ground out U3 (Groundball, 13, EV 89.4 MPH)
|
Batting: RHB Albert Zaragoza
|
0-0: Ball 1-0: SOLO HOME RUN (Line Drive, 7D, EV 105.6 MPH), Distance : 385 ft
|
Batting: RHB Joaquin Salazar
|
0-0: Ball 1-0: Ball 2-0: Called Strike 2-1: Foul Ball, location: 2F 2-2: Ball 3-2: Base on Balls
|
Batting: RHB Arturo Galdamez
|
0-0: Ball 1-0: Ball Joaquin Salazar steals 2nd base 2-0: Swinging Strike 2-1: Foul Ball, location: 2F 2-2: Strikes out looking
|
Top of the 3rd over - 1 run, 1 hit, 0 errors, 1 left on base; University of Southern California 1 - Louisiana State University 0 |
BOTTOM OF THE 3RD |
Louisiana State University Tigers batting - Pitching for University of Southern California Trojans : LHP Will Creelman
|
Batting: LHB Ângelo Schwn
|
0-0: Foul Ball, location: 2F 0-1: Ball 1-1: Called Strike 1-2: Foul Ball, location: 2F 1-2: Strikes out looking
|
Batting: SHB Jose Melendez
|
0-0: Called Strike 0-1: Foul Ball, location: 2F 0-2: Ground out 1-3 (Groundball, 25, EV 60.0 MPH)
|
Pitching: RHP Henrique Rabaa
|
|
Batting: RHB Fate Makeever
|
0-0: Swinging Strike 0-1: Foul Ball, location: 2F 0-2: Ball 1-2: Foul Ball, location: 2F 1-2: Ball 2-2: Foul Ball, location: 2F 2-2: Ball 3-2: Foul Ball, location: 2F 3-2: Ground out 6-3 (Groundball, 6, EV 83.8 MPH)
|
Bottom of the 3rd over - 0 runs, 0 hits, 0 errors, 0 left on base; University of Southern California 1 - Louisiana State University 0 |
TOP OF THE 4TH |
University of Southern California Trojans batting - Pitching for Louisiana State University Tigers : RHP Dale Turner
|
Batting: RHB Carlos Livas
|
0-0: Called Strike 0-1: Swinging Strike 0-2: Ball 1-2: Ball 2-2: Ball 3-2: Base on Balls
|
Batting: LHB Miguel Espinoza
|
0-0: Ball 1-0: Swinging Strike 1-1: Ball 2-1: Called Strike 2-2: Ball 3-2: Reached on error, E5 (Groundball, 56, EV 91.9 MPH) Carlos Livas to second
|
Batting: RHB Jon Solis
|
0-0: Ball 1-0: Called Strike Carlos Livas steals 3rd base Miguel Espinoza to second 1-1: Ball 2-1: Ball 3-1: Called Strike 3-2: SINGLE (Line Drive, 3D, EV 105.6 MPH) Carlos Livas scores Miguel Espinoza to third
|
Batting: SHB Rodrigo Mendoza
|
0-0: Fly out, F7 (Flyball, 7, EV 88.8 MPH) Runner from 3rd tags up, OUT at HOME! 7-2 Jon Solis to second
|
Batting: LHB Ivan Castillo
|
0-0: Called Strike 0-1: Ground out 5-3 (Groundball, 56, EV 103.8 MPH)
|
Top of the 4th over - 1 run, 1 hit, 1 error, 1 left on base; University of Southern California 2 - Louisiana State University 0 |
BOTTOM OF THE 4TH |
Louisiana State University Tigers batting - Pitching for University of Southern California Trojans : RHP Henrique Rabaa
|
Batting: LHB Lourens Aukema
|
0-0: Ball 1-0: Ground out U3 (Groundball, 3, EV 93.1 MPH)
|
Batting: LHB Bob Govella
|
0-0: Ball 1-0: Foul Ball, location: 2F 1-1: Ball 2-1: Swinging Strike 2-2: Ball 3-2: Strikes out swinging
|
Batting: RHB Chris Trites
|
0-0: Foul Ball, location: 2F 0-1: Foul Ball, location: 2F 0-2: Ball 1-2: SINGLE (Flyball, 3D, EV 92.5 MPH)
|
Batting: SHB Fernando Solano
|
0-0: Called Strike Chris Trites steals 2nd base 0-1: Called Strike 0-2: Ball 1-2: Strikes out swinging
|
Bottom of the 4th over - 0 runs, 1 hit, 0 errors, 1 left on base; University of Southern California 2 - Louisiana State University 0 |
TOP OF THE 5TH |
University of Southern California Trojans batting - Pitching for Louisiana State University Tigers : RHP Dale Turner
|
Batting: RHB Paul Ngumi
|
0-0: Ball 1-0: Foul Ball, location: 2F 1-1: Ground out 6-3 (Groundball, 6, EV 85.0 MPH)
|
Batting: RHB Albert Zaragoza
|
0-0: Called Strike 0-1: Ball 1-1: Ball 2-1: Foul Ball, location: 2F 2-2: Ground out U3 (Groundball, 34, EV 86.3 MPH)
|
Batting: RHB Joaquin Salazar
|
0-0: Swinging Strike 0-1: SINGLE (Groundball, 6S, EV 70.6 MPH) (infield hit)
|
Batting: RHB Arturo Galdamez
|
0-0: Ball Joaquin Salazar steals 2nd base 1-0: Called Strike 1-1: Foul Ball, location: 2F 1-2: Ball 2-2: SINGLE (Groundball, 6MD, EV 95.6 MPH) Joaquin Salazar to third Runner from 3rd tries for Home, SAFE, throw by CF to home Arturo Galdamez to second
|
Pitching: LHP Marty Loiacono
|
|
Batting: RHB Carlos Livas
|
0-0: Ball 1-0: Ball 2-0: Called Strike 2-1: Foul Ball, location: 2F 2-2: Ground out U3 (Groundball, 34S, EV 91.3 MPH)
|
Top of the 5th over - 1 run, 2 hits, 0 errors, 1 left on base; University of Southern California 3 - Louisiana State University 0 |
BOTTOM OF THE 5TH |
Louisiana State University Tigers batting - Pitching for University of Southern California Trojans : RHP Henrique Rabaa
|
Batting: SHB Emmet Brickowski
|
0-0: Ball 1-0: Swinging Strike 1-1: Foul Ball, location: 2F 1-2: Fly out, F7 (Flyball, 78D, EV 102.5 MPH)
|
Batting: RHB Andy Jamison
|
0-0: Ground out 4-3 (Groundball, 4, EV 85.6 MPH)
|
Batting: LHB Ângelo Schwn
|
0-0: Called Strike 0-1: Ball 1-1: Foul Ball, location: 2F 1-2: Strikes out swinging
|
Bottom of the 5th over - 0 runs, 0 hits, 0 errors, 0 left on base; University of Southern California 3 - Louisiana State University 0 |
TOP OF THE 6TH |
University of Southern California Trojans batting - Pitching for Louisiana State University Tigers : LHP Marty Loiacono
|
Batting: LHB Miguel Espinoza
|
0-0: Foul Ball, location: 2F 0-1: Foul Ball, location: 2F 0-2: Strikes out swinging
|
Batting: RHB Jon Solis
|
0-0: Ball 1-0: Swinging Strike 1-1: Swinging Strike 1-2: Strikes out swinging
|
Batting: SHB Rodrigo Mendoza
|
0-0: Swinging Strike 0-1: Ball 1-1: Ball 2-1: Foul Ball, location: 2F 2-2: Ball 3-2: Strikes out swinging
|
Top of the 6th over - 0 runs, 0 hits, 0 errors, 0 left on base; University of Southern California 3 - Louisiana State University 0 |
BOTTOM OF THE 6TH |
Louisiana State University Tigers batting - Pitching for University of Southern California Trojans : RHP Henrique Rabaa
|
Batting: SHB Jose Melendez
|
0-0: Ground out 6-3 (Groundball, 6, EV 88.1 MPH)
|
Batting: RHB Fate Makeever
|
0-0: Ground out 5-3 (Groundball, 56S, EV 81.3 MPH)
|
Batting: LHB Lourens Aukema
|
0-0: Ball 1-0: SINGLE (Line Drive, 9S, EV 96.9 MPH)
|
Batting: LHB Bob Govella
|
0-0: Ball 1-0: Swinging Strike 1-1: Called Strike 1-2: Foul Ball, location: 2F 1-2: SINGLE (Line Drive, 56, EV 105.6 MPH) Lourens Aukema to second Lourens Aukema to third
|
Batting: RHB Chris Trites
|
0-0: Ball 1-0: Called Strike 1-1: Ball 2-1: Foul Ball, location: 2F 2-2: Foul Ball, location: 2F 2-2: Foul Ball, location: 2F 2-2: SINGLE (Groundball, 56S, EV 71.3 MPH) (infield hit) Lourens Aukema scores Bob Govella to second
|
Batting: SHB Fernando Solano
|
0-0: Called Strike 0-1: Ball 1-1: Ball 2-1: Ball 3-1: Base on Balls Bob Govella to third Chris Trites to second
|
Pinch Hitting: SHB Noah Long
|
0-0: Called Strike 0-1: Ball 1-1: Ball Wild Pitch! Bob Govella scores Chris Trites to third Fernando Solano to second 2-1: Swinging Strike 2-2: Ball 3-2: Strikes out swinging
|
Bottom of the 6th over - 2 runs, 3 hits, 0 errors, 2 left on base; University of Southern California 3 - Louisiana State University 2 |
TOP OF THE 7TH |
University of Southern California Trojans batting - Pitching for Louisiana State University Tigers : LHP Marty Loiacono
|
Now at 2B: Edgar Cuesta
|
|
Batting: LHB Ivan Castillo
|
0-0: Bunt missed! 0-1: Ball 1-1: Ball 2-1: Foul Ball, location: 2F 2-2: Ball 3-2: Base on Balls
|
Batting: RHB Paul Ngumi
|
0-0: Bunted foul 0-1: Bunted foul 0-2: Foul Ball, location: 2F 0-2: Ball 1-2: Ball 2-2: Ball 3-2: Base on Balls Ivan Castillo to second
|
Batting: RHB Albert Zaragoza
|
0-0: Ball 1-0: Ball 2-0: Called Strike 2-1: Swinging Strike 2-2: Grounds into double play, 5-4-3 (Groundball, 56S, EV 88.1 MPH) Ivan Castillo to third
|
Batting: RHB Joaquin Salazar
|
0-0: Called Strike 0-1: Swinging Strike 0-2: Ball 1-2: Strikes out swinging
|
Top of the 7th over - 0 runs, 0 hits, 0 errors, 1 left on base; University of Southern California 3 - Louisiana State University 2 |
BOTTOM OF THE 7TH |
Louisiana State University Tigers batting - Pitching for University of Southern California Trojans : RHP Henrique Rabaa
|
Pitching: LHP Alex Shannon
|
|
Batting: RHB Andy Jamison
|
0-0: Ball 1-0: Ball 2-0: Called Strike 2-1: Ball 3-1: Base on Balls
|
Pinch Hitting: RHB Alberto Bravo
|
Balk! Andy Jamison to second 0-0: Bunted foul 0-1: Ball 1-1: Bunt missed! 1-2: Ground out 6-3 (Groundball, 56D, EV 93.8 MPH)
|
Pinch Hitting: RHB Mike Larson
|
0-0: Swinging Strike 0-1: Called Strike 0-2: Foul Ball, location: 2F 0-2: Fly out, F6 (Flyball, 56D, EV 86.9 MPH)
|
Batting: RHB Fate Makeever
|
0-0: Ball 1-0: Ball 2-0: Foul Ball, location: 2F 2-1: Ball 3-1: Reached on error, E4 (Groundball, 4M, EV 88.8 MPH) Andy Jamison to third
|
Pinch Hitting: RHB Richard Saquic
|
0-0: Swinging Strike 0-1: Fly out, F9 (Flyball, 9LM, EV 78.1 MPH)
|
Bottom of the 7th over - 0 runs, 0 hits, 1 error, 2 left on base; University of Southern California 3 - Louisiana State University 2 |
TOP OF THE 8TH |
University of Southern California Trojans batting - Pitching for Louisiana State University Tigers : LHP Marty Loiacono
|
Pitching: RHP Jon Spears
|
|
Now at 3B: Kevin Greenan
|
|
Now in LF: Alberto Bravo
|
|
Now in CF: Mike Larson
|
|
Batting: RHB Arturo Galdamez
|
0-0: Called Strike 0-1: Foul Ball, location: 2F 0-2: SINGLE (Flyball, 8RS, EV 83.1 MPH)
|
Batting: RHB Carlos Livas
|
0-0: Swinging Strike 0-1: Foul Ball, location: 2F 0-2: Ball 1-2: Strikes out swinging
|
Batting: LHB Miguel Espinoza
|
0-0: Ball 1-0: Fielders Choice at 2nd, 1-6 (Groundball, P, EV 64.4 MPH)
|
Pinch Hitting: LHB Nick Martin
|
0-0: Ball 1-0: Fly out, F8 (Flyball, 8LS, EV 74.4 MPH)
|
Top of the 8th over - 0 runs, 1 hit, 0 errors, 1 left on base; University of Southern California 3 - Louisiana State University 2 |
BOTTOM OF THE 8TH |
Louisiana State University Tigers batting - Pitching for University of Southern California Trojans : LHP Alex Shannon
|
Pitching: RHP Chris Worster
|
|
Now in RF: Kien-lung Zou
|
|
Pinch Hitting: RHB David Lobacz
|
0-0: Ball 1-0: Ground out 1-3 (Groundball, 13, EV 66.9 MPH)
|
Batting: RHB Chris Trites
|
0-0: Foul Ball, location: 2F 0-1: Ball 1-1: Foul Ball, location: 2F 1-2: Ground out 5-3 (Groundball, 5L, EV 105.6 MPH)
|
Batting: SHB Fernando Solano
|
0-0: Ball 1-0: Ball 2-0: Ball 3-0: Called Strike 3-1: Foul Ball, location: 2F 3-2: Foul Ball, location: 2F 3-2: Base on Balls
|
Batting: RHB Edgar Cuesta
|
0-0: Ball 1-0: Ball 2-0: Ball 3-0: Base on Balls Fernando Solano to second
|
Batting: RHB Andy Jamison
|
0-0: Fielders Choice at 2nd, U6 (Groundball, 6M, EV 91.9 MPH)
|
Bottom of the 8th over - 0 runs, 0 hits, 0 errors, 2 left on base; University of Southern California 3 - Louisiana State University 2 |
TOP OF THE 9TH |
University of Southern California Trojans batting - Pitching for Louisiana State University Tigers : RHP Jon Spears
|
Now in RF: Dennis Cox
|
|
Batting: SHB Rodrigo Mendoza
|
0-0: Foul Ball, location: 2F 0-1: Ball 1-1: Ball 2-1: Fly out, F8 (Flyball, 8RM, EV 93.8 MPH)
|
Batting: LHB Ivan Castillo
|
0-0: Ball 1-0: Called Strike 1-1: Swinging Strike 1-2: Ball 2-2: Ball 3-2: Foul Ball, location: 2F 3-2: Strikes out swinging
|
Pinch Hitting: LHB Jeremy Kosnik
|
0-0: Ball 1-0: Ball 2-0: Called Strike 2-1: Ground out 4-3 (Groundball, 4, EV 79.4 MPH)
|
Top of the 9th over - 0 runs, 0 hits, 0 errors, 0 left on base; University of Southern California 3 - Louisiana State University 2 |
BOTTOM OF THE 9TH |
Louisiana State University Tigers batting - Pitching for University of Southern California Trojans : RHP Chris Worster
|
Pitching: RHP Dave Vandehey
|
|
Now at 2B: Melvin Ramirez
|
|
Batting: RHB Alberto Bravo
|
0-0: Ball 1-0: Ball 2-0: Called Strike 2-1: Foul Ball, location: 2F 2-2: Ball 3-2: Foul Ball, location: 2F 3-2: Ground out 6-3 (Groundball, 6, EV 85.0 MPH)
|
Batting: RHB Mike Larson
|
0-0: Fly out, F7 (Flyball, 78D, EV 90.6 MPH)
|
Batting: RHB Fate Makeever
|
0-0: Foul Ball, location: 2F 0-1: Ball 1-1: Called Strike 1-2: Ground out 6-3 (Groundball, 56, EV 108.1 MPH)
|
Bottom of the 9th over - 0 runs, 0 hits, 0 errors, 0 left on base; University of Southern California 3 - Louisiana State University 2 |
|